 Dungeon Crawl Stone Soup version 0.28.0-47-ge53b351184 (webtiles) character file.

Game seed: 3746817463781913604

85 pkoi the Shield-Bearer (level 4, 0/37 HPs)
             Began as a Demigod Fighter on Apr 27, 2022.
             Slain by an ufetubus (2 damage)
             ... in a sewer.
             The game lasted 00:02:51 (3422 turns).

pkoi the Shield-Bearer (Demigod Fighter)            Turns: 3422, Time: 00:02:52

Health: 0/37       AC:  6    Str: 17    XL:     4   Next: 5%
Magic:  6/6        EV:  9    Int: 10    God:
Gold:   163        SH:  5    Dex: 17    Spells: 3/3 levels left

rFire   . . .      SeeInvis .   e - +0 dagger
rCold   . . .      Faith    .   b - +0 buckler
rNeg    . . .      Spirit   .   a - +0 scale mail
rPois   .          Reflect  .   (no helmet)
rElec   .          Harm     .   (no cloak)
rCorr   .          Rampage  .   (no gloves)
Will    .....                   (no boots)
Stlth   ..........              (no amulet)
HPRegen 0.12/turn               i - ring of flight
MPRegen 0.10/turn               (no ring)

@: mighty, flying, hasted, very quick
A: high MP 1, forlorn, divine attributes
a: no special abilities


You were in a sewer.
You visited 1 branch of the dungeon, and saw 3 of its levels.
You also visited: Sewer.

You collected 163 gold pieces.

Inventory:

Hand Weapons
 d - a +0 club
 e - a +0 dagger (weapon)
 f - a +0 whip
Armour
 a - a +0 scale mail (worn)
 b - a +0 buckler (worn)
Jewellery
 i - a ring of flight (left hand)
Potions
 g - a potion of haste
 l - a potion of brilliance


   Skills:
 - Level 2.6 Fighting
 + Level 3.2 Armour
 + Level 3.2 Shields
 * Level 3.2 Unarmed Combat


You had 3 spell levels left.
You didn't know any spells.
Your spell library was empty.

Dungeon Overview and Level Annotations

Branches:
Dungeon (3/15)              Sewer (1/1)


Innate Abilities, Weirdness & Mutations

You have an increased reservoir of magic. (+10% MP)
You shall have no god before yourself.
Your divine heritage dramatically boosts your attributes as you level up.


Message History

The adder zombie bites you.
* * * LOW HITPOINT WARNING * * *
The ufetubus hits you but does no damage.
The ufetubus hits you.
* * * LOW HITPOINT WARNING * * *
The adder zombie completely misses you.
You barely miss the shadow imp.
Unknown command.
You hit the shadow imp.
The shadow imp is lightly wounded.
The shadow imp gestures at you. Pain shoots through your body!
* * * LOW HITPOINT WARNING * * *
You closely miss the shadow imp.
The shadow imp is lightly wounded.
The ufetubus splashes around in the water. x2
The shadow imp hits you but does no damage.
You block the ufetubus's attack.
The ufetubus hits you but does no damage.
Unknown command.
You feel very mighty all of a sudden. The ufetubus closely misses you.
The ufetubus hits you but does no damage.
The shadow imp hits you but does no damage.
You puncture the shadow imp!
The shadow imp is almost dead.
You block the ufetubus's attack. x2; The ufetubus hits you.
* * * LOW HITPOINT WARNING * * *
The ufetubus hits you but does no damage.
You block the shadow imp's attack.
You puncture the shadow imp!
You kill the shadow imp!
The ufetubus barely misses you.
The ufetubus splashes around in the water.
The ufetubus barely misses you. The ufetubus hits you.
* * * LOW HITPOINT WARNING * * *
You have reached level 4!
You feel yourself speed up. The ufetubus barely misses you.
The ufetubus hits you.
You die...

.≈≈≈.#
≈≈≈.# #≈..#
#≈≈.# #≈≈.#
#≈≈.# #≈5Z#
#≈≈@# #≈≈.#
#≈≈.# #≈≈.#
#≈..######
#≈..##...##
#≈≈.#.....#
#≈....)∩∩.#
#≈≈.#.....#


You could see an ufetubus and an adder zombie.

Vanquished Creatures
  4 adders (D:2)
  A shadow imp (Sewer)
  2 dart slugs
  4 ball pythons
  8 bats
  A giant cockroach (D:1)
  3 goblins
  3 hobgoblins (D:1)
  2 quokkas (D:1)
  4 frilled lizards
  5 kobolds
  4 rats
41 creatures vanquished.

Notes
Turn   | Place    | Note
-------+----------+-------------------------------------------
     0 | D:1      | pkoi the Demigod Fighter began the quest for the Orb.
     0 | D:1      | Reached XP level 1. HP: 18/18 MP: 3/3
   568 | D:1      | Reached XP level 2. HP: 24/25 MP: 4/4
  1772 | D:2      | Reached XP level 3. HP: 30/30 MP: 5/5
  2971 | D:3      | Found a glowing drain.
  3019 | Sewer    | Entered a sewer
  3421 | Sewer    | HP: 1/30 [ufetubus (4)]
  3422 | Sewer    | Reached XP level 4. HP: 2/37 MP: 6/6
  3422 | Sewer    | Slain by an ufetubus

Illustrated notes

Levels and vault maps discovered:
D:1:      dpeg_arrival_simpleton_a, layout_basic
D:2:      minmay_chambers_of_twos, layout_loops_ring, basic_altar,
          shapermc_ecumenical_altar_totnotflames
D:3:      layout_basic, cheibrodos_sewer_entry_sluice,
          chequers_serial_rivers_micro_b, kennysheep_minor_cross
Sewer:    kennysheep_sewer_church

Skill      XL: |  1  2  3 |
---------------+----------+-----
Unarmed Combat | 2 3 |  3.2
Armour         | 3 |  3.2
Shields        | 3 |  3.2
Fighting       | |  2.6

Action                   |  1- 3 |  4- 6 || total
-------------------------+-------+-------++-------
Melee: Club              |    37 |       ||    37
       Unarmed           |    15 |       ||    15
       Dagger            |   215 |       ||   215
  Use: Potion            |     4 |     1 ||     5
       Scroll            |     3 |       ||     3
 Stab: Invisible         |     2 |       ||     2
Armor: Scale mail        |   141 |       ||   141
Dodge: Dodged            |   138 |     1 ||   139
Block: Buckler           |    90 |       ||    90
